 Dungeon Sprint DCSS version 0.30-a0-800-g7c544603b3 (webtiles) character file.

Game seed: 11512796292303807796

39 retardedninja the Chopper (level 3, -4/37 HPs)
             Began as a Minotaur Berserker on Feb 21, 2023.
             Was a Priest of Trog.
             Slain by a black bear (5 damage)
             ... in the Dungeon (Sprint IX: "|||||||||||||||||||||||||||||").
             The game lasted 00:00:12 (211 turns).

retardedninja the Chopper (Minotaur Berserker)       Turns: 211, Time: 00:00:13

Health: -4/37      AC:  2    Str: 23    XL:     3   Next: 28%
Magic:  2/2        EV: 12    Int:  4    God:    Trog [***...]
Gold:   0          SH:  0    Dex:  9    Spells: 2/2 levels left

rFire   . . .      SeeInvis .    a - +0 hand axe
rCold   . . .      Faith    .    (no shield)
rNeg    . . .      Spirit   .    b - +0 animal skin
rPois   .          Reflect  .    (helmet restricted)
rElec   .          Harm     .    (no cloak)
rCorr   .          Rampage  .    (no gloves)
Will    .....      NoTele   +    (no boots)
Stlth   +                        (no amulet)
HPRegen 0.26/turn                (no ring)
MPRegen 0.08/turn                (no ring)

@: on berserk cooldown, slowed, very slow
A: horns 2, retaliatory headbutt
a: Renounce Religion, Berserk, Trog's Hand


You were in the Dungeon.
You worshipped Trog.
Trog was most pleased with you.
You visited 1 branch

Inventory:

Hand Weapons
 a - a +0 hand axe (weapon)
Armour
 b - a +0 animal skin (worn)
Scrolls
 h - a scroll of blinking
Potions
 c - a potion of curing
 d - a potion of heal wounds
 e - a potion of haste
 f - 2 potions of magic


   Skills:
 + Level 6.0 Fighting
 + Level 6.2 Axes
 + Level 3.4 Armour
 + Level 3.1 Dodging


You had 2 spell levels left.
You didn't know any spells.
Your spell library was empty.

Dungeon Overview and Level Annotations

Branches:
Dungeon (1/1)

Altars:


Innate Abilities, Weirdness & Mutations

You have a pair of horns on your head.
You reflexively headbutt those who attack you in melee.


Message History

The adder is almost dead.
The adder bites you.
You closely miss the adder.
The adder is almost dead.
The adder bites you but does no damage.
You closely miss the adder.
The adder is almost dead.
The adder bites you.
You slash the adder!
You kill the adder!
Trog accepts your kill.
Your Fighting skill increases to level 6!
Your Axes skill increases to level 6!
You slash the black bear! You headbutt the black bear!
The black bear is severely wounded.
The black bear bites you! The black bear claws you. x2
* * * LOW HITPOINT WARNING * * *
You barely miss the black bear.
The black bear is severely wounded.
You barely miss the black bear.
The black bear is severely wounded.
You are no longer berserk.
You are exhausted.
You feel yourself slow down.
The black bear goes berserk!
You hit the black bear but do no damage.
The black bear is severely wounded.
The black bear bites you.
* * * LOW HITPOINT WARNING * * *
The black bear barely misses you. The black bear claws you.
* * * LOW HITPOINT WARNING * * *
The black bear barely misses you. The black bear misses you.
The black bear claws you.
* * * LOW HITPOINT WARNING * * *
You slash the black bear! Your headbutt misses the black bear.
Your punch misses the black bear.
The black bear is almost dead.
The black bear bites you.
* * * LOW HITPOINT WARNING * * *
The black bear misses you. The black bear claws you.
You die...

▓+▓
▓.▓
▓.▓
▓.▓
▓.▓
▓h▓
▓@▓
▓.▓
▓.▓
▓.▓
▓.▓
▓†▓
▓†▓
▓.▓
▓.▓


You could see a black bear (berserk).

Vanquished Creatures
  2 adders (D)
  A gnoll (D)
  An ufetubus (D)
  A ball python (D)
  A hobgoblin (D)
  A quokka (D)
  A bat (D)
  A rat (D)
9 creatures vanquished.

Notes
Turn   | Place    | Note
-------+----------+-------------------------------------------
     0 | D        | retardedninja the Minotaur Berserker began the quest for
                  | the Orb.
     0 | D        | Reached XP level 1. HP: 19/19 MP: 0/0
     9 | D        | Reached ** piety under Trog
   191 | D        | Noticed a black bear
   194 | D        | Reached skill level 5 in Fighting
   194 | D        | Reached skill level 5 in Axes
   194 | D        | Reached XP level 2. HP: 29/29 MP: 1/1
   196 | D        | Reached *** piety under Trog
   202 | D        | Reached XP level 3. HP: 34/37 MP: 2/2
   211 | D        | HP: 1/37 [black bear (5)]
   211 | D        | Slain by a black bear

Illustrated notes

Levels and vault maps discovered:
D:        linesprint [early_d, line_temple, items_1, d_10, items_2, lair_1,
          lair_end, items_3, orc_1, orc_end, items_4, d_15, swamp_1, shoals_1,
          snake_1, spider_1, d_20, vaults_1, items_5, swamp_end, shoals_end,
          snake_end, spider_end, vaults_end, d_27, items_6, zot_1, zot_end,
          crypt_end, forest_end, elf_end, slime_end, tomb_end, abyss_end,
          pan_hell_end]

Skill      XL: |  1  2  3 |
---------------+----------+-----
Fighting       | 5 6 |  6.0
Axes           | 5 6 |  6.2
Armour         | 3 |  3.4
Dodging        | 3 |  3.1

Action                     || total
---------------------------++-------
  Melee: Hand axe          ||    26
         Headbutt          ||     4
    Use: Potion            ||     1
 Armour: Animal skin       ||     3
  Dodge: Dodged            ||    13

Table legend: (Time is in decaauts)
 A = Elapsed time spent in this place.
 B = Non-inter-level travel time spent in this place.
 C = Inter-level travel time spent in this place.
 D = Time resting spent in this place.
 E = Time spent auto-exploring this place.
 F = Levels seen in this place.
 G = Mean time per level.
                   A        B        C        D        E       F      G
               +--------+--------+--------+--------+--------+-----+--------+
         Total |    206 |    206 |      0 |    174 |      0 |   1 |  206.0 |
       Dungeon |    206 |    206 |      0 |    174 |      0 |   1 |  206.0 |
               +--------+--------+--------+--------+--------+-----+--------+

Top non-repeatable levels by time:
       D: 206 daAuts
